Map: Ever Dream LE

Players

Grim

  • Race: Zerg Zerg
  • League: Diamond
  • Spawn Location: 7:00

A.I. 1 (Harder) - Winner!

  • Race: Terran Terran
  • Spawn Location: 1:00

VOD

Have the link to the VOD?

Description

Time

  • Played on: June 24, 2020, 9:31 p.m.
  • Length: 3:37
Show
View Real Time Build Order
Export as new Build Order

Grim Zerg 

Build Orders: Hatch First 

Get SALT Encoding   

  12  0:03  Drone  
  13  0:12  Overlord  
  13  0:19  Drone  
  14  0:31  Drone x2  
  16  0:51  Hatchery  
  16  0:52  Drone  
  16  0:58  Drone  
  16  0:59  Drone  
  18  1:08  Extractor  
  17  1:16  Spawning Pool  
  16  1:19  Drone  
  16  1:21  Drone  
  18  1:31  Drone  
  19  1:40  Drone  
  20  1:50  Overlord  
  20  2:07  Queen x2  
  24  2:09  Zergling x4, Metabolic Boost  
  26  2:30  Hatchery  
  26  2:32  Drone  
  26  2:35  Drone  
  27  2:39  Drone  
  27  2:43  Overlord  
  28  2:57  Drone x2  
  30  3:08  Drone  
  30  3:09  Drone  
  30  3:12  Drone  
  35  3:14  Drone  
Show
View Real Time Build Order
Export as new Build Order

A.I. 1 (Harder) Terran - Winner!

Build Orders:  

Get SALT Encoding   

  12  0:00  SCV  
  13  0:13  SCV  
  14  0:18  Supply Depot  
  14  0:25  SCV  
  15  0:39  SCV  
  15  0:42  Barracks  
  16  0:52  SCV  
  17  1:04  SCV  
  18  1:15  Command Center  
  18  1:28  Orbital Command  
  18  1:29  Marine  
  19  1:38  Supply Depot  
  19  1:45  Refinery  
  19  1:47  Marine  
  20  1:54  SCV  
  20  2:00  Barracks  
  21  2:06  SCV  
  21  2:07  Refinery  
  22  2:10  Marine  
  23  2:18  SCV  
  24  2:26  Supply Depot  
  24  2:31  Barracks Tech Lab  
  24  2:34  SCV  
  25  2:47  Marine, SCV  
  25  2:49  Marine  
  28  2:59  SCV  
  28  3:04  Marine, SCV  
  31  3:05  Refinery  
  31  3:08  Marine  
  31  3:12  SCV  
  33  3:16  SCV  
  34  3:24  SCV  
  34  3:25  Barracks Tech Lab, Factory  
Tags
 
League
Diamond
Matchup
TvZ
Spawn Locations
Cross Positions
Add a new tag
Caveats
  • Supply blocks, unpowered buildings, or Contaminate may cause inaccurate times.
  • Supply counts are checked every 10 seconds.